 Dungeon Crawl Stone Soup version 0.17-a0-1550-g78a4890 (webtiles) character file.

113 Promi the Shooter (level 4, -3/35 HPs)
             Began as a Centaur Arcane Marksman on July 19, 2015.
             Slain by a killer bee (4 damage)
             ... on level 4 of the Dungeon.
             The game lasted 00:17:14 (2784 turns).

Promi the Shooter (Centaur Arcane Marksman)         Turns: 2784, Time: 00:17:14

Health: -3/35      AC:  4    Str: 13      XL:     4   Next: 65%
Magic:  0/5        EV: 10    Int: 12      God:
Gold:   76         SH:  0    Dex:  7 (10) Spells: 2 memorised, 2 levels left

rFire  . . .     SeeInvis .     j - +0 short sword
rCold  + . .     Clarity  .     i - +0 robe
rNeg   . . .     SustAt   .     (no shield)
rPois  .         Gourm    .     (no helmet)
rElec  .         Spirit   .     (no cloak)
rCorr  .         Warding  .     (no gloves)
rMut   .         Stasis   .     (no barding)
MR     .....                    (no amulet)
Stlth  +.........               m - ring of protection from cold
                                h - ring of flight

@: lethally poisoned (-3 -> -35), very quick, not resistant to hostile
enchantments, very unstealthy
A: hooves 3, deformed body, speed 2, tough skin 3
a: Evoke Flight


You were on level 4 of the Dungeon.
You were not hungry.

You visited 1 branch of the dungeon, and saw 4 of its levels.

You collected 76 gold pieces.

Inventory:

Hand weapons
 a - a +0 shortbow
 j - a +0 short sword (weapon)
Missiles
 b - 27 arrows
 p - 12 arrows of flame
Armour
 c - a +0 robe
 i - a +0 robe (worn)
 r - a cursed +0 leather armour
Jewellery
 h - a ring of flight (left hand)
 m - a ring of protection from cold (right hand)
Scrolls
 o - a scroll of random uselessness
Potions
 l - a potion of heal wounds
 s - a potion of curing
Books
 d - a book of Debilitation

   Spells                             Type                      Level
   a - Corona                         Hexes                        1
   b - Slow                           Hexes                        2
   c - Gell's Gravitas                Hexes/Translocation          3
   d - Inner Flame                    Hexes/Fire                   3
   e - Cause Fear                     Hexes                        4
   f - Leda's Liquefaction            Hexes/Earth                  4
 g - a book of Clouds

   Spells                             Type                      Level
   a - Mephitic Cloud                 Conjuration/Poison/Air       3
   b - Conjure Flame                  Conjuration/Fire             3
   c - Poisonous Cloud                Conjuration/Poison/Air       6
   d - Freezing Cloud                 Conjuration/Ice/Air          6
   e - Ring of Flames                 Charms/Fire                  7
Comestibles
 e - 2 bread rations
 f - a meat ration
 k - a beef jerky


   Skills:
 - Level 1.0 Fighting
 * Level 3.7 Bows
 + Level 2.9 Dodging
 + Level 1.2 Spellcasting
 + Level 3.1 Hexes


You had 2 spell levels left.
You knew the following spells:

 Your Spells              Type           Power        Failure   Level  Hunger
a - Corona                Hex            #......      12%         1    ##.....
b - Slow                  Hex            #.......     14%         2    ###....


Dungeon Overview and Level Annotations

Branches:
Dungeon (4/15)
 Temple: D:4-7

Altars:
Cheibriados
Sif Muna
Yredelemnul
The Shining One

Annotations:
D:2 Sigmund


Innate Abilities, Weirdness & Mutations

You have hooves in place of feet.
Armour fits poorly on your strangely shaped body.
You cover ground very quickly.
You have extremely tough skin (AC +3).


Message History

The killer bee poisons you!
You barely miss the killer bee. Your kick misses the killer bee.
You feel sick. The killer bee stings you.
You are lethally poisoned!
The killer bee poisons you! The killer bee stings you.
* * * LOW HITPOINT WARNING * * *
You are more poisoned.
The killer bee poisons you!
You barely miss the killer bee.
* * * LOW HITPOINT WARNING * * *
You feel very sick. The killer bee barely misses you.
The killer bee stings you.
* * * LOW HITPOINT WARNING * * *
You are more poisoned.
The killer bee poisons you!
You miss the killer bee.
* * * LOW HITPOINT WARNING * * *
You feel very sick. The killer bee barely misses you.
The killer bee stings you.
You die...

##### #### #...#
...##### ###.#.###
.......#########...#...#
.................#####.#
...............y@..#...#
.........#########.#.###
.........# #####...##
.......#.# .........#
.......#.# .####..#.#
.......#.# #..#.#
.......... #..#.#
########.# #..#.##### .#
#........#


You could see a killer bee.

Vanquished Creatures
  Jessica (D:2)
  4 adders
  A worm (D:4)
  A giant gecko (D:3)
  A ball python (D:2)
  5 bats
  8 goblins
  3 hobgoblins
  8 jackals
  8 kobolds
  A quokka (D:1)
  2 giant cockroaches
  3 giant newts
  3 rats (D:1)
49 creatures vanquished.

Notes
Turn   | Place    | Note
--------------------------------------------------------------
     0 | D:1      | Promi the Centaur Arcane Marksman began the quest for the Orb.
     0 | D:1      | Reached XP level 1. HP: 16/16 MP: 2/2
   536 | D:1      | Reached XP level 2. HP: 23/23 MP: 3/3
   544 | D:1      | Learned a level 2 spell: Slow
   836 | D:1      | Reached skill level 3 in Bows
  1393 | D:1      | Found a glowing golden altar of the Shining One.
  1433 | D:1      | Reached XP level 3. HP: 24/28 MP: 4/4
  1507 | D:2      | Noticed Jessica
  1523 | D:2      | Killed Jessica
  1595 | D:2      | Reached XP level 4. HP: 29/35 MP: 5/5
  1873 | D:2      | Noticed Sigmund
  1888 | D:3      | Noticed xgamer67's ghost (average OpAK)
  2031 | D:3      | Noticed an ogre
  2757 | D:4      | Found a deep blue altar of Sif Muna.
  2757 | D:4      | Found a snail-covered altar of Cheibriados.
  2757 | D:4      | Found a basalt altar of Yredelemnul.
  2784 | D:4      | HP: 1/35 [poisoned by a killer bee]
  2784 | D:4      | Slain by a killer bee

Vault maps used:
D:1:      evilmike_arrival_home_sweet_home, tso_altar
D:2:      uniq_iyjb, uniq_sigmund, uniq_jessica
D:4:      grunt_temple_overflow_open, yredelemnul_altar_generic

Action                   |  1- 3 |  4- 6 || total
-------------------------+-------+-------++-------
Melee: Short sword       |   108 |    85 ||   193
       Unarmed           |     2 |       ||     2
       Shortbow          |       |     3 ||     3
 Fire: Shortbow          |    11 |    18 ||    29
 Cast: Corona            |     4 |    13 ||    17
       Slow              |     1 |     4 ||     5
  Use: Potion            |     4 |     2 ||     6
       Scroll            |       |     3 ||     3
 Stab: Invisible         |     2 |     2 ||     4
  Eat: Chunk             |     1 |     5 ||     6
